 Dungeon Crawl Stone Soup version 0.31-a0-246-g8cbcc1cb85 (webtiles) character file.

Game seed: 2214341276546867245

17 pascalblue the Conjurer (level 2, 0/15 HPs)
             Began as a Deep Elf Conjurer on July 12, 2023.
             Slain by a quokka (5 damage)
             ... on level 1 of the Dungeon.
             The game lasted 00:02:31 (233 turns).

pascalblue the Conjurer (Deep Elf Conjurer)          Turns: 233, Time: 00:02:32

Health: 0/15       AC:  2    Str:  4    XL:     2   Next: 44%
Magic:  1/8        EV: 12    Int: 22    God:
Gold:   31         SH:  0    Dex: 13    Spells: 4/7 levels left

rFire   . . .        c - +0 dagger
rCold   . . .        (no shield)
rNeg    . . .        a - +0 robe
rPois   .            (no helmet)
rElec   .            (no cloak)
rCorr   .            (no gloves)
SInv    .            (no boots)
Will    .....        (no amulet)
Stlth   ++           (no ring)
HPRegen 0.22/turn    (no ring)
MPRegen 0.11/turn

%: no passive effects
@: no status effects
A: no striking features
a: no special abilities


You were on level 1 of the Dungeon.
You visited 1 branch of the dungeon, and saw 1 of its levels.

You collected 31 gold pieces.

Inventory:

Hand Weapons
 c - a +0 dagger (weapon)
Armour
 a - a +0 robe (worn)
Potions
 b - a potion of magic


   Skills:
 - Level 2.4 Dodging
 - Level 2.4 Stealth
 + Level 3.2 Spellcasting
 * Level 5.0 Conjurations


You had 4 spell levels left.
You knew the following spells:

 Your Spells              Type           Power      Damage    Failure   Level
a - Magic Dart            Conj           100%       1d8       1%          1
b - Searing Ray           Conj           50%        2d6       2%          2

Your spell library contained the following spells:

 Spells                   Type           Power      Damage    Failure   Level
 Dazzling Flash           Conj/Hex       28%        N/A       13%         3
 Fulminant Prism          Conj/Hex       7%         3d7       38%         4
 Iskenderun's Mystic Bla  Conj/Tloc      14%        2d5       38%         4


Dungeon Overview and Level Annotations

Branches:
Dungeon (1/15)

Altars:


Message History

You kill the hobgoblin!
The quokka barely misses you.
Things that are here:
a hobgoblin corpse; a dart slug corpse You hit the quokka.
The quokka is moderately wounded.
The quokka bites you but does no damage.
You hit the quokka but do no damage.
The quokka is moderately wounded.
The quokka misses you. The quokka barely misses you.
You miss the quokka.
The quokka is moderately wounded.
The quokka bites you.
Casting: Magic Dart (safe; 1% risk of failure)
Confirm with . or Enter, or press ? or * to list all spells.
Aiming: Magic Dart (safe; 1% risk of failure)
Press: ? - help, Shift-Dir - straight line, f - quokka
Aim: a quokka (moderately wounded, 100% to hit)
The magic dart hits the quokka.
The quokka is severely wounded.
The quokka bites you.
You closely miss the quokka.
The quokka is severely wounded.
The quokka closely misses you.
You barely miss the quokka.
The quokka is severely wounded.
The quokka bites you.
You closely miss the quokka.
The quokka is severely wounded.
The quokka bites you. x2
You closely miss the quokka.
The quokka is severely wounded.
The quokka closely misses you.
You hit the quokka but do no damage.
The quokka is severely wounded.
The quokka bites you.
* * * LOW HITPOINT WARNING * * *
The quokka attacks as you move away! The quokka barely misses you.
The quokka bites you.
You die...

#....# .....# #.#...##
#.##.# # #.#..## #.##.###.
#.#...## #....##..
#.##...###..#.#..#
#..##...##..#.†.##
#...##...#.##..##.
####....##.......##..
####...@....##..##..#..#
#.....r......##..##.#...
#.#...........##....#...
#.†##........######...
......).##................#
........................#.#
.......†....>.............#
.............##...###)..###
.......##..###..#..)....# #


You could see a quokka.

Vanquished Creatures
  A dart slug (D:1)
  2 endoplasms (D:1)
  A giant cockroach (D:1)
  A goblin (D:1)
  2 hobgoblins (D:1)
  A quokka (D:1)
  A ball python (D:1)
  A frilled lizard (D:1)
  3 kobolds (D:1)
  A rat (D:1)
14 creatures vanquished.

Notes
Turn   | Place    | Note
-------+----------+-------------------------------------------
     0 | D:1      | pascalblue the Deep Elf Conjurer began the quest for the
                  | Orb.
     0 | D:1      | Reached XP level 1. HP: 10/10 MP: 6/6
   116 | D:1      | Reached XP level 2. HP: 15/15 MP: 4/8
   158 | D:1      | Learned a level 2 spell: Searing Ray
   219 | D:1      | Reached skill level 5 in Conjurations
   233 | D:1      | Slain by a quokka

Illustrated notes

Levels and vault maps discovered:
D:1:      dpeg_chamrin_arrival_tetris, layout_rooms, amcnicky_mini_pool_small

Skill      XL: |  1  2 |
---------------+-------+-----
Conjurations   | 5 |  5.0
Dodging        | |  2.4
Stealth        | |  2.4
Spellcasting   | |  3.2

Action                     || total
---------------------------++-------
  Melee: Dagger            ||    14
         Punch             ||     1
   Cast: Magic Dart        ||    24
 Armour: Robe              ||     4
  Dodge: Dodged            ||    10

Table legend: (Time is in decaauts)
 A = Elapsed time spent in this place.
 B = Non-inter-level travel time spent in this place.
 C = Inter-level travel time spent in this place.
 D = Time resting spent in this place.
 E = Time spent auto-exploring this place.
 F = Levels seen in this place.
 G = Mean time per level.
                   A        B        C        D        E       F      G
               +--------+--------+--------+--------+--------+-----+--------+
         Total |    232 |    232 |      0 |     10 |    163 |   1 |  232.0 |
       Dungeon |    232 |    232 |      0 |     10 |    163 |   1 |  232.0 |
               +--------+--------+--------+--------+--------+-----+--------+

Top non-repeatable levels by time:
     D:1: 232 daAuts
